Map: Ulrena

Players

Azcroth

  • Race: Protoss Protoss
  • League: Bronze
  • Spawn Location: 7:00

Fropez - Winner!

  • Race: Protoss Protoss
  • League: Silver
  • Spawn Location: 11:00

VOD

Have the link to the VOD?

Description

Time

  • Played on: July 5, 2016, 10:07 a.m.
  • Length: 7:36
Show
View Real Time Build Order
Export as new Build Order

Azcroth Protoss 

Build Orders:  

Get SALT Encoding   

  12  0:02  Probe (Chrono Boost)  
  13  0:12  Probe (Chrono Boost)  
  14  0:26  Pylon  
  14  0:32  Assimilator  
  14  0:35  Probe (Chrono Boost)  
  15  0:51  Probe (Chrono Boost), Gateway  
  16  1:01  Forge, Probe (Chrono Boost)  
  17  1:12  Probe (Chrono Boost)  
  18  1:20  Pylon  
  18  1:22  Probe (Chrono Boost)  
  19  1:33  Probe (Chrono Boost)  
  20  1:41  Zealot  
  20  1:43  Probe (Chrono Boost)  
  23  1:50  Photon Cannon  
  24  1:54  Probe (Chrono Boost)  
  24  1:58  Cybernetics Core  
  24  2:03  Assimilator  
  24  2:05  Probe (Chrono Boost)  
  25  2:10  Zealot  
  25  2:15  Probe (Chrono Boost)  
  28  2:19  Protoss Ground Weapons Level 1  
  28  2:42  Pylon  
  28  2:46  Warp Gate (Chrono Boost)  
  28  2:49  Probe  
  29  2:56  Zealot  
  31  3:06  Nexus  
  31  3:19  Probe  
  32  3:23  Stalker  
  25  4:10  Photon Cannon  
  25  4:14  Photon Cannon  
  23  4:17  Gateway  
  23  4:24  Protoss Shields Level 1  
  17  4:32  Gateway  
  17  4:35  Gateway  
  17  4:36  Probe  
  17  4:37  Probe  
  14  4:48  Probe (Chrono Boost)  
  15  5:00  Probe (Chrono Boost)  
  15  5:03  Probe (Chrono Boost)  
  17  5:10  Probe (Chrono Boost)  
  17  5:13  Probe (Chrono Boost)  
  19  5:31  Pylon  
  19  5:32  Probe (Chrono Boost)  
  20  5:40  Probe (Chrono Boost)  
  22  5:42  Probe (Chrono Boost)  
  22  5:50  Probe (Chrono Boost)  
  22  5:53  Probe (Chrono Boost)  
  24  6:01  Probe (Chrono Boost)  
  24  6:03  Probe (Chrono Boost)  
  26  6:11  Probe (Chrono Boost)  
  27  6:24  Probe (Chrono Boost)  
  28  6:27  Twilight Council  
  28  6:28  Probe (Chrono Boost)  
  29  6:35  Probe (Chrono Boost)  
  29  6:38  Probe (Chrono Boost)  
  29  6:39  Sentry  
  33  6:40  Sentry  
  33  6:45  Probe (Chrono Boost)  
  36  6:49  Probe (Chrono Boost)  
  37  6:58  Probe (Chrono Boost)  
  37  6:59  Probe (Chrono Boost)  
  39  7:08  Probe (Chrono Boost)  
  39  7:10  Probe (Chrono Boost)  
  39  7:13  Zealot  
  43  7:17  Sentry x2  
  43  7:19  Probe (Chrono Boost)  
  43  7:20  Probe (Chrono Boost)  
Show
View Real Time Build Order
Export as new Build Order

Fropez Protoss - Winner!

Build Orders:  

Get SALT Encoding   

  12  0:01  Probe (Chrono Boost)  
  13  0:16  Pylon  
  14  0:21  Probe (Chrono Boost)  
  14  0:33  Pylon  
  14  0:38  Assimilator  
  14  0:48  Gateway  
  14  0:51  Probe (Chrono Boost)  
  15  1:04  Pylon  
  15  1:06  Probe (Chrono Boost)  
  16  1:22  Gateway  
  16  1:27  Probe (Chrono Boost)  
  17  1:35  Cybernetics Core  
  17  1:41  Probe (Chrono Boost)  
  18  1:51  Probe (Chrono Boost)  
  18  1:53  Assimilator  
  19  2:03  Probe (Chrono Boost)  
  20  2:11  Adept  
  20  2:12  Adept  
  24  2:16  Warp Gate (Chrono Boost)  
  24  2:20  Mothership Core  
  26  2:35  Pylon  
  26  2:41  Probe  
  27  2:46  Adept  
  27  2:48  Adept  
  31  2:57  Pylon  
  31  2:59  Probe  
  32  3:11  Probe  
  33  3:23  Twilight Council  
  33  3:24  Pylon  
  33  4:16  Gateway  
  31  4:18  Gateway  
  31  4:19  Probe  
  31  4:22  Nexus  
  28  4:45  Adept x2, Probe  
  30  4:47  Resonating Glaives (Chrono Boost)  
  31  5:15  Forge  
  31  5:21  Probe  
  32  5:28  Adept, Gateway  
  32  5:29  Pylon  
  32  5:32  Assimilator  
  32  5:34  Adept  
  36  5:37  Adept  
  38  5:43  Adept  
  38  5:49  Probe x2  
  41  5:55  Protoss Ground Weapons Level 1 (Chrono Boost)  
  41  6:12  Adept  
  41  6:13  Adept x2  
  41  6:17  Adept  
  49  6:24  Adept  
  51  6:35  Photon Cannon  
  51  6:36  Probe  
  51  6:37  Probe  
  53  6:43  Pylon  
  53  6:48  Probe  
  53  6:54  Templar Archives  
  54  6:57  Pylon  
  54  6:58  Probe  
  55  7:05  Probe  
Tags
 
Matchup
PvP
Replay Pack
All Mines
Spawn Locations
Close Positions
Add a new tag
Caveats
  • Supply blocks, unpowered buildings, or Contaminate may cause inaccurate times.
  • Supply counts are checked every 10 seconds.